[Event "Live Chess"]
[Site "Chess.com"]
[Date "2023.05.21"]
[Round "-"]
[White "Chesscoach_Golichenko"]
[Black "MovebyMove"]
[Result "1-0"]
[WhiteElo "2625"]
[BlackElo "2458"]
[TimeControl "300"]
[EndTime "6:08:36 PDT"]
[Termination "Chesscoach_Golichenko won on time"]

1. d4 Nf6 2. c4 e6 3. Nc3 d5 4. Nf3 c6 5. e3 Nbd7 6. Qc2 Bd6 7. g4 Bb4 8. Rg1 Ne4 9. Bd2 Nxd2 10. Nxd2 O-O 11. a3 Bxc3 12. Qxc3 b6 13. O-O-O Bb7 14. Kb1 Qe7 15. f4 c5 16. cxd5 exd5 17. Bb5 Nf6 18.
g5 Ne4 19. Nxe4 Qxe4+ 20. Bd3 Qe7 21. h4 Rfe8 22. Rde1 cxd4 23. Qxd4 Qc5 24. h5 Rac8 25. h6 Qxd4 26. exd4 g6 27. f5 Bc6 28. f6 Kf8 29.
Ba6 Rcd8 30. Rc1 Bd7 31. Rc7 Re4 32. Rgc1 Bf5 33. Ka2 Rxd4 34. Rxa7 Be6 35. Rc6 Rg4 36. Rxe6 fxe6 37. Rxh7 Kg8 38. Rg7+ Kh8 39. Rxg6 d4 40.
f7 Re4 41. Rf6 Rf8 42. g6 d3 43. g7+ Kh7 44. Bxd3 1-0

[Event "Live Chess"]
[Site "Chess.com"]
[Date "2023.05.21"]
[Round "-"]
[White "f4nomore"]
[Black "diana21strabt"]
[Result "0-1"]
[WhiteElo "1377"]
[BlackElo "1748"]
[TimeControl "300"]
[EndTime "6:08:57 PDT"]
[Termination "diana21strabt won on time"]

1. d4 Nf6 2. Bg5 Ne4 3. Bh4 g5 4. Bg3 Nxg3 5. fxg3 d5 6. Nf3 e6 7. e3 h5 8. Ne5 Bd6 9. Nd3 h4 10. g4 Nc6 11. Be2 Qf6 12. Rf1 Qg6 13. Nf2 Bxh2 14.
Bd3 Qh6 15. Qe2 Bg3 16. Nc3 h3 17. gxh3 Qxh3 18. O-O-O Bxf2 19. Rxf2 Bd7 20. Rdf1 Rf8 21. Bg6 O-O-O 22. Rxf7 Rxf7 23. Rxf7 Qh1+ 24. Rf1 Qh6 25. Bd3 Nb4 26. a3 Nxd3+ 27. Qxd3 Qh3 28. Nd1 Qxg4 29.
Nf2 Qg3 30. e4 Qxd3 31. cxd3 Bb5 32. exd5 Rxd5 33. Re1 Kd7 34. Re3 Rxd4 35. Kd2 c5 36.
Kc3 g4 37. b3 Rf4 38. Ne4 b6 39. Rg3 Rf3 40. Rxg4 Rxd3+ 41. Kb2 Rd4 42. Rg7+ Kc6 43. Nc3 a6 44. a4 Bd3 45. Re7 Bf5 46. Re8 Rd2+ 47. Ka3 Rc2 48. Nd1 Rc1 49. Ne3 Ra1+ 50. Kb2 Rb1+ 51. Ka3 Bc2 52. Rxe6+ Kd7 53. Rxb6 Bd3 54.
Nc4 Bxc4 0-1

[Event "Live Chess"]
[Site "Chess.com"]
[Date "2023.05.21"]
[Round "-"]
[White "Hacker_2009"]
[Black "MarkLim1"]
[Result "1-0"]
[WhiteElo "1934"]
[BlackElo "1705"]
[TimeControl "300"]
[EndTime "6:09:02 PDT"]
[Termination "Hacker_2009 won by resignation"]

1. d4 c6 2. Nf3 d5 3. e3 Bg4 4. Be2 Nf6 5. c4 e6 6. Nc3 Bd6 7. cxd5 exd5 8. O-O O-O 9. Ne5 Bxe2 10. Qxe2 Nbd7 11.
f4 Re8 12. b3 c5 13. Nb5 Bb8 14. Bb2 a6 15. Na3 Ne4 16. Rac1 cxd4 17. exd4 f6 18.
Nd3 Ng3 19. Qf3 Nxf1 20. Qxd5+ Kh8 21. Kxf1 Nb6 22. Qc5 Bd6 23. Qh5 Bxa3 24. Bxa3 Qxd4 25. Qd1 Rad8 26. Bc5 Qe4 27. Bxb6 Rxd3 28. Qg4 Qe3 29. Bxe3 1-0

[Event "Live Chess"]
[Site "Chess.com"]
[Date "2023.05.21"]
[Round "-"]
[White "WelshTiger"]
[Black "Leonid_Starozhilov"]
[Result "1/2-1/2"]
[WhiteElo "2308"]
[BlackElo "2632"]
[TimeControl "300"]
[EndTime "6:09:03 PDT"]
[Termination "Game drawn by repetition"]

1. e4 c5 2. Nf3 e6 3. b3 b6 4. Bb2 Bb7 5. Bd3 Nc6 6. O-O d6 7.
c3 Nf6 8. Bc2 Be7 9. Qe2 O-O 10. d3 e5 11. Nbd2 b5 12. a4 a6 13.
d4 exd4 14. cxd4 Nxd4 15. Nxd4 cxd4 16. Bxd4 Bc6 17. Bd3 Qd7 18. Rfc1 bxa4 19. bxa4 Bxa4 20. Bxa6 Rfb8 21. Bd3 Bc6 22. Nc4 Rxa1 23. Rxa1 Qe6 24.
Nd2 Ra8 25. Rc1 Rc8 26. h3 h5 27. Bxf6 Qxf6 28. Qxh5 Qf4 29. Qe2 Bg5 30. Rd1 Ba4 31. Ra1 Qxd2 32. Qxd2 Bxd2 33. Rxa4 g6 34. Bc4 Rc7 35. g3 Kg7 36. Kg2 Bc3 37. Kf3 Bd4 38.
Ke2 Rb7 39. f4 Rb2+ 40. Kd3 Bc5 41. e5 Rg2 42. Ke4 dxe5 43. fxe5 Rxg3 44. Ra5 Re3+ 45. Kd5 Bb4 46. Ra7 Bc3 47. Kc6 Rxe5 48. Rxf7+ Kh6 49. Rf3 Bd4 50. Bd5 Re3 51. Rxe3 Bxe3 52. Kd6 g5 53.
Ke6 Bf2 54. Kf5 Bh4 55. Kg4 Kg7 56. Be4 Kh8 57. Bf5 Kg7 58. Bd3 Kf6 59. Bf5 Kg7 60.
Be4 Kf6 61. Bf5 Kg7 1/2-1/2

[Event "Live Chess"]
[Site "Chess.com"]
[Date "2023.05.21"]
[Round "-"]
[White "GMHarry-youtube"]
[Black "EdenHazard8"]
[Result "1-0"]
[WhiteElo "2025"]
[BlackElo "1952"]
[TimeControl "300"]
[EndTime "6:09:21 PDT"]
[Termination "GMHarry-youtube won - game abandoned"]

1. e4 c6 2. d4 d5 3. e5 c5 4. dxc5 e6 5. a3 Nd7 6. b4 Nxe5 7. Bb2 Ng6 8. c4 Nf6 9. Nf3 Be7 10. cxd5 exd5 11.
Bd3 O-O 12. O-O Nf4 13. Bc2 Re8 14. g3 Ng6 15. h4 Bg4 16. Qd3 Qc7 17. Ng5 Ne4 18. Nxf7 Be6 19. Ng5 1-0

[Event "Live Chess"]
[Site "Chess.com"]
[Date "2023.05.21"]
[Round "-"]
[White "Vitalii18a"]
[Black "risinghelios"]
[Result "0-1"]
[WhiteElo "1127"]
[BlackElo "1895"]
[TimeControl "300"]
[EndTime "6:09:26 PDT"]
[Termination "risinghelios won on time"]

1. e4 e5 2. Nf3 Nc6 3. Bb5 a6 4.
Ba4 b5 5. Bb3 Nf6 6. d3 Bc5 7.
O-O O-O 8. Re1 d6 9. c3 Be6 10.
d4 Bxb3 11. axb3 exd4 12. cxd4 Bb6 13. Bg5 h6 14. Bh4 Re8 15. Nc3 g5 16. Bg3 Nh7 17.
e5 dxe5 18. dxe5 Qxd1 19. Raxd1 Rad8 20. Rxd8 Rxd8 21. e6 fxe6 22. h3 Na5 23. Rxe6 Nxb3 24. Rxh6 Kg7 25. Re6 Nf6 26. Be5 Rf8 27. Nxg5 Bd4 28.
Re7+ Kg6 29. Nf3 Bxe5 30. Nxe5+ Kf5 31. Nf3 Nc5 32. Rxc7 Nfe4 33. Nh4+ Ke5 34. Ng6+ Kd4 35. Nxf8 b4 36. Nxe4 Nxe4 37. Ng6 Nd2 38. Nf4 Nc4 39. Ne2+ Kd3 40. Kf1 Nxb2 41. Ra7 Nc4 42. Rxa6 b3 43. h4 b2 44. Nf4+ Kc2 0-1

[Event "Live Chess"]
[Site "Chess.com"]
[Date "2023.05.21"]
[Round "-"]
[White "wot-not"]
[Black "friarnator"]
[Result "0-1"]
[WhiteElo "1528"]
[BlackElo "2020"]
[TimeControl "300"]
[EndTime "6:09:31 PDT"]
[Termination "friarnator won by resignation"]

1. e4 Nf6 2. f4 Nxe4 3. Nf3 d5 4. d3 Nf6 5. Be2 c5 6. O-O Nc6 7. Nbd2 Bg4 8. Ne5 Bxe2 9. Qxe2 e6 10. f5 Qd6 11.
Nxc6 bxc6 12. fxe6 fxe6 13. Nf3 Be7 14. Bd2 O-O 15. a3 Rab8 16. b3 Ng4 17. h3 Rxf3 18.
hxg4 Rxf1+ 19. Rxf1 Rf8 20. Re1 Kf7 21. Rf1+ Ke8 22.
Rxf8+ Bxf8 23. Qf3 e5 24. Qf5 Qd7 25. Qxe5+ Qe7 26. Qb8+ Kf7 27. Qf4+ Kg8 28. Be3 Qd6 29. Qf5 g6 30. Qf3 Bg7 31. Kf2 Qf6 32. Qxf6 Bxf6 33. g5 Be7 34. g4 Kf7 35. d4 c4 36. bxc4 Bxa3 37. cxd5 cxd5 38. Ke2 Ke6 39. Kd3 Kd6 40. Kc3 Kc6 41. Kb3 Be7 42. c3 Kb5 43. Bd2 a5 44. Be3 a4+ 45. Ka2 Kc4 46. Bd2 Kd3 47. Bc1 Kxc3 48.
Ba3 Bxa3 49. Kxa3 Kxd4 50. Kxa4 Kc3 0-1

[Event "Live Chess"]
[Site "Chess.com"]
[Date "2023.05.21"]
[Round "-"]
[White "AttackingSnowLeopard"]
[Black "nigelst"]
[Result "1-0"]
[WhiteElo "2160"]
[BlackElo "1708"]
[TimeControl "300"]
[EndTime "6:09:41 PDT"]
[Termination "AttackingSnowLeopard won by resignation"]

1. Nf3 Nf6 2. g3 e6 3. Bg2 c5 4. O-O Nc6 5. d4 cxd4 6. Nxd4 Nxd4 7. Qxd4 d6 8. c4 Be7 9. Nc3 O-O 10. e4 e5 11. Qd3 Bd7 12. h3 Bc6 13. Be3 b6 14.
Nd5 Bxd5 15. cxd5 Rc8 16. Rac1 Qd7 17. a4 Rxc1 18. Rxc1 Rc8 19. Rxc8+ Qxc8 20. Qb5 h6 21. b4 Qc2 22. a5 bxa5 23. bxa5 Kh7 24. Bxa7 Nxe4 25.
Bxe4+ Qxe4 26. a6 Qe1+ 27. Kh2 Bg5 28. Bb6 Bd8 29. Be3 Bg5 30. Bb6 Bd8 31. Bxd8 Qxf2+ 32. Kh1 Qf3+ 33. Kg1 Qxg3+ 34. Kf1 Qxh3+ 35. Ke1 Qh1+ 36. Kd2 Qg2+ 37. Kc3 Qf3+ 38. Qd3+ e4 39. Qxf3 exf3 40. Bb6 1-0

[Event "Live Chess"]
[Site "Chess.com"]
[Date "2023.05.21"]
[Round "-"]
[White "gmnorfolk"]
[Black "Doge_Dandolo"]
[Result "1-0"]
[WhiteElo "2138"]
[BlackElo "1908"]
[TimeControl "300"]
[EndTime "6:09:57 PDT"]
[Termination "gmnorfolk won by resignation"]

1. d4 d5 2. c4 c6 3. cxd5 cxd5 4. Nc3 Nf6 5. Nf3 Nc6 6. Bf4 a6 7. e3 Bf5 8. Rc1 e6 9. Be2 Bb4 10. O-O O-O 11. h3 Rc8 12. Ne5 Nxe5 13. Bxe5 h6 14. a3 Bd6 15. Bxd6 Qxd6 16. f3 Qg3 17. Qe1 Qxe1 18.
Rfxe1 Rc6 19. Na2 Rfc8 20. Rxc6 Rxc6 21. Rc1 Rxc1+ 22. Nxc1 b5 23. Kf1 Ne8 24. Ke1 Nd6 25. Kd2 Nc4+ 26. Bxc4 bxc4 27. Kc3 Kf8 28. Kb4 Ke7 29.
Ka5 Kd6 30. Kxa6 Kc6 31. Ka5 Kb7 32. Kb5 Bc2 33. Kc5 Bd3 34. Kd6 Bf1 35. g3 Bxh3 36. Ke7 Bg2 37. f4 Ka6 38. Kxf7 Be4 39. Kxg7 h5 40. Kf6 Bf5 41. Ne2 Ka5 42. Nc3 Bg4 43.
Kg5 Kb6 44. a4 Ka5 45. Kf6 Bf5 46. Ke7 Kb4 47. Kd6 Bc2 48. Kxe6 Bxa4 49. Nxa4 Kxa4 50. Kxd5 Kb4 51. f5 1-0

[Event "Live Chess"]
[Site "Chess.com"]
[Date "2023.05.21"]
[Round "-"]
[White "grillage"]
[Black "Ferrarifan27"]
[Result "0-1"]
[WhiteElo "1788"]
[BlackElo "2076"]
[TimeControl "300"]
[EndTime "6:10:04 PDT"]
[Termination "Ferrarifan27 won on time"]

1. d4 Nf6 2. Nc3 d5 3. Bf4 Bf5 4. e3 e6 5. Bd3 Bxd3 6. cxd3 Nc6 7. Nf3 Be7 8. Nb5 Rc8 9. Ne5 Nxe5 10. dxe5 Nd7 11.
Nxa7 Ra8 12. Nb5 Bb4+ 13. Nc3 O-O 14. O-O c6 15. Qg4 Kh8 16. h4 Qc7 17. d4 Bxc3 18.
bxc3 Nb6 19. h5 h6 20. Qe2 Nc4 21. g4 Qe7 22. Bg3 Ra3 23. Kg2 Rxc3 24. Rh1 Ra8 25. Bh4 Qa3 26. g5 Nxe3+ 27. fxe3 Rxe3 28. Qf2 Re4 29. gxh6 Rg4+ 30. Bg3 Qd3 31. hxg7+ Rxg7 32. h6 Rg6 33. Raf1 Qe4+ 34. Qf3 Rxa2+ 35. Rf2 Rxf2+ 36. Kxf2 Qxd4+ 37. Kg2 Qxe5 38. Rh3 Qb2+ 39. Kg1 Qc1+ 40. Kh2 f5 41. Be5+ Kh7 42. Bg3 Rxh6 43. Rxh6+ Qxh6+ 44. Kg2 Qd2+ 45. Bf2 Kg6 46. Qg3+ Qg5 47. Qxg5+ Kxg5 48.
Kf3 e5 49. Be3+ f4 50. Bc5 e4+ 51. Kf2 Kf5 0-1

[Event "Live Chess"]
[Site "Chess.com"]
[Date "2023.05.21"]
[Round "-"]
[White "Bot_Boy"]
[Black "1600x"]
[Result "0-1"]
[WhiteElo "332"]
[BlackElo "1875"]
[TimeControl "300"]
[EndTime "6:10:17 PDT"]
[Termination "1600x won on time"]

1. e4 e5 2. Nf3 Nc6 3. Bc4 Nf6 4. d3 Be7 5. Bd2 O-O 6. c3 d5 7. exd5 Nxd5 8. b4 Nb6 9. Qc1 e4 10. dxe4 Nxc4 11. O-O Bg4 12. Rd1 Qc8 13. Kh1 Bxf3 14. gxf3 Qh3 15. Rg1 Qxf3+ 16. Rg2 Rad8 17. Qg1 N6e5 18.
Be3 Rd1 19. Qxd1 Qxd1+ 20. Rg1 Qf3+ 21. Rg2 Nxe3 22. fxe3 Rd8 23. Nd2 Rxd2 24. h3 Rxg2 0-1

[Event "Live Chess"]
[Site "Chess.com"]
[Date "2023.05.21"]
[Round "-"]
[White "Brooms1989"]
[Black "LiamBellwood"]
[Result "0-1"]
[WhiteElo "1152"]
[BlackElo "1914"]
[TimeControl "300"]
[EndTime "6:10:17 PDT"]
[Termination "LiamBellwood won by resignation"]

1. e4 e6 2. d4 d5 3. Nc3 Nf6 4. e5 Ng8 5. Nf3 c5 6. Bb5+ Bd7 7. Bxd7+ Qxd7 8. O-O Nc6 9. Be3 Nge7 10. dxc5 Nf5 11. Ne2 Nxe3 12. fxe3 Bxc5 13. Qc1 O-O 14. Ng3 f6 15. a3 fxe5 16. b4 Bb6 17. Qb2 Bxe3+ 18. Kh1 e4 19. Ne5 Nxe5 20. Qxe5 Rxf1+ 21. Rxf1 Rf8 22. Rxf8+ Kxf8 23. Nh5 Qf7 24. Qb8+ Qe8 25. Qd6+ Kf7 26. Qc7+ Qe7 27. Qe5 Bh6 28. g4 Qg5 29. Qc7+ Kg6 30. Qd7 Qxg4 31. Qe8+ Kf5 32. Qf7+ Ke5 33. Qc7+ Kf5 34.
Qf7+ Kg5 35. Qe7+ Kxh5 36. Qf7+ g6 0-1

[Event "Live Chess"]
[Site "Chess.com"]
[Date "2023.05.21"]
[Round "-"]
[White "AyannaTang"]
[Black "matt1979"]
[Result "0-1"]
[WhiteElo "230"]
[BlackElo "1532"]
[TimeControl "300"]
[EndTime "6:10:18 PDT"]
[Termination "matt1979 won by checkmate"]

1. e4 c5 2. Bc4 e6 3. d4 cxd4 4. Bf4 Nc6 5. Nf3 Bc5 6. Nc3 dxc3 7. bxc3 Nge7 8. Qd2 O-O 9. Bg5 h6 10. Bxe7 Qxe7 11. O-O-O a6 12. Qf4 b5 13. Nd2 bxc4 14.
Nxc4 Ba3+ 15. Nxa3 Qxa3+ 16. Kb1 Rb8+ 17. Ka1 Qb2# 0-1

[Event "Live Chess"]
[Site "Chess.com"]
[Date "2023.05.21"]
[Round "-"]
[White "whatnot126"]
[Black "AMCWAML"]
[Result "1-0"]
[WhiteElo "2065"]
[BlackElo "2291"]
[TimeControl "300"]
[EndTime "6:10:34 PDT"]
[Termination "whatnot126 won by checkmate"]

1. e4 c5 2. c3 Nf6 3. e5 Nd5 4. d4 cxd4 5. cxd4 d6 6. exd6 Qxd6 7. Nf3 Nc6 8. Nc3 Bg4 9. Bc4 e6 10. O-O Be7 11. h3 Nxc3 12. bxc3 Bh5 13. a4 O-O 14. a5 Rac8 15. Qb3 Bxf3 16. gxf3 Qc7 17. Bd3 Nxa5 18. Qb5 Nc6 19. Qh5 g6 20. Qg4 Rfd8 21. Bh6 Bf8 22. Bf4 e5 23. Bg5 Re8 24. d5 Ne7 25. c4 b5 26. cxb5 Nxd5 27. h4 Nf4 28. Bxf4 exf4 29. Rfc1 Qxc1+ 30. Rxc1 Rxc1+ 31. Kg2 Bd6 32. Qd7 Re6 33. Be4 Rc7 34. Qd8+ Kg7 35. h5 Rf6 36. h6+ Kxh6 37. Qxf6 Rd7 38. Bc6 Be7 39. Qe5 Rd1 40. Qxe7 a6 41. bxa6 g5 42. Qf6+ Kh5 43.
Qxf7+ Kh4 44. Qxh7# 1-0

[Event "Live Chess"]
[Site "Chess.com"]
[Date "2023.05.21"]
[Round "-"]
[White "Ian-Morley"]
[Black "JoRoSaR"]
[Result "0-1"]
[WhiteElo "1067"]
[BlackElo "1687"]
[TimeControl "300"]
[EndTime "6:10:37 PDT"]
[Termination "JoRoSaR won by resignation"]

1. e4 c5 2. Nf3 Nc6 3. Bb5 a6 4. Bxc6 bxc6 5. O-O d6 6. Re1 Bg4 7. Nc3 e5 8. h3 Bh5 9. g4 Bg6 10. Nh4 Qxh4 11. d3 Qxh3 12. f3 Be7 13. g5 Qh4 14. Ne2 Bxg5 15. Bxg5 Qxg5+ 16. Kf2 h5 17. Ng3 h4 18. Nf5 Bxf5 19. exf5 Qxf5 20. Rh1 h3 21. Qg1 g6 22. Rh2 Nf6 23. a4 e4 24. dxe4 Nxe4+ 25. Ke3 Nf6 26. Re1 O-O-O 27. Rhe2 Rde8+ 28. Kd2 Qd5+ 29. Kc1 Qxf3 30. Rxe8+ Rxe8 31. Rxe8+ Nxe8 32. b4 Qf4+ 33. Kb2 h2 34. Qg2 Qd4+ 35. Kb3 Qg1 36. Qxc6+ Kd8 37. Qb6+ Ke7 38. Qb7+ Kf6 39. Qf3+ Kg7 40.
Qc3+ Kg8 41. bxc5 dxc5 42. Qxc5 Qxc5 0-1

[Event "Live Chess"]
[Site "Chess.com"]
[Date "2023.05.21"]
[Round "-"]
[White "CrypticF1"]
[Black "SavagePawn7"]
[Result "0-1"]
[WhiteElo "489"]
[BlackElo "789"]
[TimeControl "300"]
[EndTime "6:10:56 PDT"]
[Termination "SavagePawn7 won by checkmate"]

1. e4 d5 2. exd5 Nf6 3. Nc3 Nxd5 4. Nxd5 Qxd5 5. Nf3 Nc6 6. c3 Bg4 7. Be2 O-O-O 8. h3 Bxf3 9. Bxf3 Qe5+ 10. Qe2 Qxe2+ 11.
Bxe2 e6 12. d4 Bd6 13. f4 f6 14. g3 e5 15. fxe5 fxe5 16. dxe5 Bxe5 17. Bf3 Rhe8 18. O-O Bxg3 19. Bxc6 bxc6 20. Bf4 Bxf4 21. Rxf4 Re2 22.
Raf1 Rxb2 23. Rf8 Rxf8 24. Rxf8+ Kb7 25. Rf7 Rxa2 26. Rxg7 a5 27. Rxh7 a4 28. h4 Rc2 29.
h5 a3 30. h6 a2 31. Rf7 a1=Q+ 32. Rf1 Qb2 33. h7 Rg2+ 34. Kh1 Rh2+ 35. Kg1 Qg2# 0-1

[Event "Live Chess"]
[Site "Chess.com"]
[Date "2023.05.21"]
[Round "-"]
[White "wot-not"]
[Black "nigelst"]
[Result "1-0"]
[WhiteElo "1540"]
[BlackElo "1696"]
[TimeControl "300"]
[EndTime "6:10:56 PDT"]
[Termination "wot-not won by checkmate"]

1. e4 c6 2. f4 d5 3. e5 Bf5 4.
Nf3 e6 5. d4 Nd7 6. Bd3 Bxd3 7.
cxd3 Ne7 8. O-O Nf5 9. g4 Nh4 10. Be3 Nxf3+ 11. Qxf3 Be7 12. Nd2 c5 13. f5 cxd4 14.
Bxd4 Bc5 15. Bxc5 Nxc5 16. fxe6 fxe6 17. Qf7# 1-0

[Event "Live Chess"]
[Site "Chess.com"]
[Date "2023.05.21"]
[Round "-"]
[White "ShanthamGrarks"]
[Black "Biranidun"]
[Result "0-1"]
[WhiteElo "1964"]
[BlackElo "2529"]
[TimeControl "300"]
[EndTime "6:11:02 PDT"]
[Termination "Biranidun won by resignation"]

1. d4 Nf6 2. Nc3 d5 3. e4 dxe4 4. f3 exf3 5. Nxf3 Bf5 6. Bc4 e6 7. Bg5 c6 8. O-O Be7 9. Kh1 Nbd7 10. Qe1 O-O 11. Nh4 Bg6 12. Nxg6 hxg6 13. Qh4 Re8 14.
Rf3 Nh5 15. Ne4 Ndf6 16. Bxf6 gxf6 17. g4 f5 18. Qh3 fxe4 19. Rf2 Qxd4 20. Bxe6 Qxf2 21.
Rf1 Nf4 22. Bxf7+ Kg7 23. Qc3+ Bf6 24. Qxf6+ Kxf6 25. Rxf2 Kxf7 26. Rxf4+ Kg7 27. Rf7+ Kxf7 0-1

[Event "Live Chess"]
[Site "Chess.com"]
[Date "2023.05.21"]
[Round "-"]
[White "LiamClery2020"]
[Black "Geomorph"]
[Result "1-0"]
[WhiteElo "1966"]
[BlackElo "1277"]
[TimeControl "300"]
[EndTime "6:11:07 PDT"]
[Termination "LiamClery2020 won by resignation"]

1. e4 e5 2. Nc3 Nf6 3. f4 d5 4. fxe5 Nxe4 5. Qf3 Nc6 6. Bb5 Nxc3 7. bxc3 Qh4+ 8. g3 Qe4+ 9. Qxe4 dxe4 10. d4 exd3 11.
cxd3 Bd7 12. Bf4 Nxe5 13. Bxd7+ Nxd7 14. Nf3 Be7 15. O-O O-O 16. Bxc7 Rac8 17. Bf4 Rxc3 18. Rfe1 Ba3 19. Rad1 Nf6 20. Nd4 a6 21. Nf5 Nd5 22.
Be5 Rc2 23. Bxg7 Rfc8 24. Re5 Nc3 25. Rde1 Bc5+ 26. Kh1 h6 27. Bxh6 Kh7 28. d4 Bb4 29. Bf4 Nxa2 30. Rb1 a5 31. Ne3 Re2 32. Rh5+ Kg6 33.
Rg5+ Kh7 34. Rh5+ Kg8 35. Be5 f5 36. Rh8+ Kf7 37. Rxc8 Nc3 38. Rxc3 Bxc3 39. Nxf5 a4 40. Rxb7+ Ke6 41. Ng7+ Kd5 42. Ra7 Ra2 43. Nf5 a3 44.
Ne3+ Ke4 45. Nc4 Kf3 46. Rxa3 Re2 47. Rxc3+ Kf2 48. Rc1 1-0

[Event "Live Chess"]
[Site "Chess.com"]
[Date "2023.05.21"]
[Round "-"]
[White "Conradical12"]
[Black "OleksiyJr1"]
[Result "1-0"]
[WhiteElo "1583"]
[BlackElo "1008"]
[TimeControl "300"]
[EndTime "6:11:19 PDT"]
[Termination "Conradical12 won by checkmate"]

1. e4 c5 2. Bc4 Nc6 3. Nf3 d6 4. O-O e5 5. d3 Nf6 6. c3 Bg4 7.
Qb3 b6 8. h3 Bh5 9. g4 Bg6 10.
Ng5 h6 11. Nxf7 Bxf7 12. Bxf7+ Kd7 13. f4 exf4 14. Bxf4 Be7 15. e5 Nxe5 16. Bxe5 dxe5 17. Nd2 Kc6 18. Ne4 Qxd3 19. Nxf6 Bxf6 20. Qa4+ b5 21.
Qa6+ Kc7 22. Kg2 Qe4+ 23. Rf3 Qe2+ 24. Kg3 Bh4+ 25. Kxh4 Qxf3 26. Qe6 Qf2+ 27. Kh5 Rhf8 28.
Qe7+ Kb6 29. Qd6+ Ka5 30. b4+ Ka4 31. Qa6# 1-0

[Event "Live Chess"]
[Site "Chess.com"]
[Date "2023.05.21"]
[Round "-"]
[White "Missedidea"]
[Black "LordBenin"]
[Result "1-0"]
[WhiteElo "1790"]
[BlackElo "1376"]
[TimeControl "300"]
[EndTime "6:11:20 PDT"]
[Termination "Missedidea won by resignation"]

1. d4 Nf6 2. c4 g6 3. Nc3 d5 4.
cxd5 Nxd5 5. e4 Nxc3 6. bxc3 Bg7 7. Bc4 c5 8. Ne2 Nc6 9. Be3 O-O 10. O-O e6 11. f4 a6 12. Qd2 b5 13. Bd3 c4 14. Bc2 Bb7 15. Rad1 Qe7 16. Ng3 Rfd8 17. f5 exf5 18. exf5 Qd6 19. Ne4 Qc7 20. f6 Bf8 21. Bh6 Na7 22. Bxf8 Kxf8 23. Qh6+ Ke8 24. Rde1 Kd7 25. Qg7 Rf8 26. Nc5+ Kc6 27. Re7 Qb6 28. Rxb7 Qxb7 29. Nxb7 Kxb7 30. Be4+ 1-0

[Event "Live Chess"]
[Site "Chess.com"]
[Date "2023.05.21"]
[Round "-"]
[White "chessfiction"]
[Black "mliszewski"]
[Result "1-0"]
[WhiteElo "2315"]
[BlackElo "1797"]
[TimeControl "300"]
[EndTime "6:11:20 PDT"]
[Termination "chessfiction won by checkmate"]

1. e4 c6 2. d4 d5 3. Nc3 dxe4 4. Nxe4 Nf6 5. Ng3 h5 6. h4 Bg4 7.
Nf3 g6 8. Bc4 Bg7 9. Bg5 O-O 10.
c3 Nbd7 11. Qc2 Bxf3 12. gxf3 a5 13. O-O-O b5 14. Bd3 b4 15. Rdg1 bxc3 16. bxc3 Kh7 17. Bxf6 Nxf6 18. Nxh5 Nxh5 19. Bxg6+ fxg6 20. Qxg6+ Kg8 21. Qxh5 Rf7 22. Rg5 Qd6 23. Rc5 Qf4+ 24. Kc2 Qxf3 25. Qxf3 Rxf3 26. Rxc6 Rxf2+ 27. Kd3 Rxa2 28. Rg1 Rf8 29.
Rcg6 Rf7 30. h5 Kf8 31. h6 Rf3+ 32. Ke4 Rxc3 33. hxg7+ Kg8 34. Rh1 Re2+ 35. Kd5 e6+ 36. Kd6 Rec2 37. Rh8+ Kf7 38. g8=Q# 1-0

[Event "Live Chess"]
[Site "Chess.com"]
[Date "2023.05.21"]
[Round "-"]
[White "AlanPaling"]
[Black "Olisingapore"]
[Result "1-0"]
[WhiteElo "1385"]
[BlackElo "1770"]
[TimeControl "300"]
[EndTime "6:11:35 PDT"]
[Termination "AlanPaling won on time"]

1. c4 Nf6 2. Nc3 e5 3. g3 Bb4 4. Bg2 c6 5. e4 O-O 6. Nge2 Re8 7. O-O d6 8. a3 Bxc3 9. Nxc3 Bg4 10. Ne2 d5 11. h3 Bxe2 12. Qxe2 dxe4 13. Bxe4 Qd7 14. Kg2 Nxe4 15. Qxe4 Na6 16. b4 Rad8 17. c5 Nc7 18.
Ra2 Ne6 19. h4 Nd4 20. Rb2 f5 21. Qd3 Nb5 22. Qc4+ Qd5+ 23. Qxd5+ Rxd5 24. a4 Nd4 25. f3 Red8 26. Re1 Ne6 27. Re2 Kf7 28. Re3 f4 29. gxf4 exf4 30. Re4 g5 31. hxg5 Rxg5+ 32. Kf2 Rdg8 33. Ke2 Rg1 34. Rc2 R8g2+ 35. Kd3 h5 36. Kc3 h4 37. d4 Rxc2+ 38. Kxc2 h3 39. Bxf4 Rg2+ 40. Kd3 h2 41. Bxh2 Rxh2 42. Re5 Ra2 43.
d5 Ng7 44. d6 Rxa4 45. d7 Ne6 46. Rxe6 Kxe6 47. d8=Q Ra3+ 48. Kc4 Rxf3 49. Qc8+ Ke5 50. Qxb7 Rf4+ 51. Kb3 Rf3+ 52. Ka4 Kd5 53. Qd7+ Kc4 54.
Qxc6 Rf1 55. Qe6+ Kc3 56. Qe3+ Kc2 57. Qe2+ Kc3 58. Qxf1 Kd4 59. Qd1+ 1-0

[Event "Live Chess"]
[Site "Chess.com"]
[Date "2023.05.21"]
[Round "-"]
[White "JanMur7"]
[Black "Anirudh_23"]
[Result "1-0"]
[WhiteElo "1969"]
[BlackElo "1884"]
[TimeControl "300"]
[EndTime "6:11:37 PDT"]
[Termination "JanMur7 won by resignation"]

1. e4 e6 2. d4 d5 3. exd5 exd5 4. Bd3 Bd6 5. Ne2 Ne7 6. O-O O-O 7. Bf4 Bf5 8. c3 Qd7 9. Qc2 Na6 10. Bxd6 Bxd3 11. Qxd3 Qxd6 12. Nd2 c6 13. Nf3 Ng6 14. Ng3 Nc7 15.
Rfe1 Rfe8 16. Rxe8+ Rxe8 17. Re1 Nf4 18. Rxe8+ Nxe8 19. Qe3 Nf6 20. Nf5 Qc7 21. Ne5 Ne6 22. h3 g6 23. Nh6+ Kg7 24. Nhxf7 Ne4 25. Qh6+ Kg8 26.
h4 c5 1-0

[Event "Live Chess"]
[Site "Chess.com"]
[Date "2023.05.21"]
[Round "-"]
[White "diana21strabt"]
[Black "MarkLim1"]
[Result "1-0"]
[WhiteElo "1755"]
[BlackElo "1698"]
[TimeControl "300"]
[EndTime "6:11:45 PDT"]
[Termination "diana21strabt won by resignation"]

1. e4 c6 2. Nf3 d5 3. exd5 cxd5 4. Nc3 Bg4 5. d4 Nc6 6. Bb5 Nf6 7. h3 Bh5 8. g4 Bg6 9. Ne5 Qb6 10. Bxc6+ bxc6 11. Nxg6 hxg6 12. Na4 Qa5+ 13. c3 e6 14. Bd2 Bd6 15. Qb3 Qc7 16. O-O-O Rb8 17. Qc2 Ne4 18. Be3 c5 19. Nxc5 Nxc5 20. dxc5 Bxc5 21. Bxc5 Qxc5 22. f4 Qe3+ 23. Qd2 Qxd2+ 24. Rxd2 Rb6 25. f5 gxf5 26. gxf5 Ke7 27. fxe6 fxe6 28. Rg2 Rh7 29. Rhg1 Rxh3 30. Rxg7+ Kd6 31. Rxa7 Ra6 32.
Rxa6+ 1-0

[Event "Live Chess"]
[Site "Chess.com"]
[Date "2023.05.21"]
[Round "-"]
[White "MartynColebrook"]
[Black "KeithArkell"]
[Result "0-1"]
[WhiteElo "957"]
[BlackElo "2481"]
[TimeControl "300"]
[EndTime "6:11:50 PDT"]
[Termination "KeithArkell won by resignation"]

1. e4 c6 2. Nf3 d5 3. exd5 cxd5 4. d4 Nf6 5. c4 g6 6. Nc3 Bg7 7. Bf4 O-O 8. cxd5 Nxd5 9. Bg3 Nc6 10. Bc4 Nxc3 11. bxc3 Bg4 12. O-O Rc8 13. Qd3 Bxf3 14.
gxf3 e6 15. Rab1 Qd7 16. Rfd1 Rfd8 17. d5 exd5 18. Bxd5 b6 19. Qe4 Qe8 20. Bxf7+ Qxf7 21. Rxd8+ Nxd8 22. Rd1 Ne6 23. Qd5 Re8 24. c4 Nc5 25.
Qxf7+ Kxf7 26. Bd6 Rd8 27. Rd5 Nb7 28. Bg3 Rxd5 29. cxd5 Bf8 30. a4 Bd6 31. Kg2 Bxg3 32. fxg3 Nc5 0-1

[Event "Live Chess"]
[Site "Chess.com"]
[Date "2023.05.21"]
[Round "-"]
[White "18Ziyad"]
[Black "whitedjohn"]
[Result "0-1"]
[WhiteElo "902"]
[BlackElo "1664"]
[TimeControl "300"]
[EndTime "6:11:54 PDT"]
[Termination "whitedjohn won by resignation"]

1. e4 Nf6 2. Nc3 d5 3. e5 Nfd7 4. d4 e6 5. Bd3 c5 6. Be3 Nc6 7. Nf3 Qb6 8. dxc5 Qxb2 9. Bd2 Nxc5 10. Rb1 Nxd3+ 11. cxd3 Qa3 12. O-O Bb4 13. Qc2 Bxc3 14. Bxc3 Qe7 15. Nd4 Nxd4 16. Bxd4 a6 17. Rbc1 Bd7 18.
Qb2 Bc6 19. Bc5 Qd7 20. d4 Rc8 21. Bd6 Bb5 22. Rfd1 Bc4 23. Rb1 b5 24. Rdc1 Rc6 25. Rc3 f6 26. f4 Kf7 27. Ra1 a5 28. a4 b4 29. Rcc1 Rhc8 30. Qd2 Rxd6 31. exd6 Qxd6 32. g3 Rc7 33. Rc2 Rb7 34. Rb1 Qb6 35. Rbb2 Qc6 36. Qc1 Qxa4 37. Rxc4 dxc4 38. Qxc4 Qb5 39.
Qc1 a4 40. Qb1 b3 41. Rd2 Qb4 42. Rd3 a3 43. d5 Qc5+ 44. Kf1 exd5 45. Rxb3 Qc4+ 46.
Qd3 Rxb3 47. Qxc4 dxc4 0-1